 Dungeon Crawl Stone Soup version 0.31-a0-18-gea43df2a32 (webtiles) character file.

Game seed: 7892257870640138595

761 bande the Chopper (level 7, -3/44 HPs)
             Began as a Gargoyle Fighter on May 11, 2023.
             Was an Initiate of Okawaru.
             Slain by a gnoll sergeant
             ... wielding a +0 spear
              (11 damage)
             ... on level 4 of the Dungeon.
             The game lasted 00:08:23 (4828 turns).

bande the Chopper (Gargoyle Fighter)                Turns: 4828, Time: 00:08:24

Health: -3/44      AC: 18    Str: 20    XL:     7   Next: 80%
Magic:  8/8        EV:  7    Int:  8    God:    Okawaru [......]
Gold:   257        SH:  4    Dex: 11    Spells: 6/6 levels left

rFire   . . .        a - +0 war axe (freeze)
rCold   . . .        c - +0 buckler
rNeg    + + .        v - +0 chain mail
rPois   ∞            o - +1 helmet
rElec   +            s - +0 cloak
rCorr   .            (no gloves)
SInv    .            (no boots)
Will    .....        (no amulet) Stlth
                     t - ring of positive energy
HPRegen 0.27/turn    (no ring)
MPRegen 0.11/turn

%: no passive effects
@: no status effects
A: sickness immunity, AC +4, negative energy resistance 1, electricity
resistance, torment resistance 1, petrification resistance
a: Renounce Religion


You were on level 4 of the Dungeon.
You worshipped Okawaru.
Okawaru was noncommittal.
You visited 2 branches of the dungeon, and saw 6 of its levels.

You collected 257 gold pieces.

Inventory:

Hand Weapons
 a - a +0 war axe of freezing (weapon)
 g - a +4 heavy flail
 j - a +2 flail of protection
 w - the +5 woodcutter's axe
   (You took it off a gnoll on level 5 of the Dungeon)
Missiles
 x - a throwing net (quivered)
Armour
 c - a +0 buckler (worn)
 o - a +1 helmet (worn)
 s - a +0 cloak (worn)
 v - a +0 chain mail (worn)
Jewellery
 t - a ring of positive energy (left hand)
Wands
 b - a wand of charming (11)
 r - a wand of quicksilver (5)
Scrolls
 f - 2 scrolls of amnesia
 i - a scroll of poison
 k - 2 scrolls of teleportation
 p - a scroll of enchant armour
Potions
 d - a potion of might
 e - 2 potions of brilliance
 h - a potion of berserk rage
 l - a potion of mutation {unknown}
 m - a potion of heal wounds {unknown}
 n - a potion of curing {unknown}
 q - a potion of magic {unknown}
 u - a potion of flight {unknown}


   Skills:
 + Level 4.7 Fighting
 + Level 5.4 Axes
 + Level 5.1 Armour
 - Level 0.2 Dodging
 + Level 4.3 Shields
 * Level 1.7 Invocations
 * Level 1.4 Evocations


You had 6 spell levels left.
You didn't know any spells.
Your spell library contained the following spells:

 Spells                   Type           Power      Damage    Failure   Level
 Freeze                   Ice            0%         1d3       98%         1
 Frozen Ramparts          Ice            0%         1d1       100%        3
 Hailstorm                Conj/Ice       0%         3d3       100%        3
 Orb of Destruction       Conj           0%         9d5       100%        7
 Summon Guardian Golem    Hex/Summ       Unusable   N/A       N/A         3
 Spellforged Servitor     Conj/Summ      Unusable   N/A       N/A         7

Dungeon Overview and Level Annotations

Branches:
Dungeon (5/15)             Temple (1/1) D:4

Altars:
Ashenzari
Cheibriados
Dithmenos
Elyvilon
Fedhas
Gozag
Hepliaklqana
Kikubaaqudgha
Makhleb
Nemelex Xobeh
Okawaru
Qazlal
Ru
Sif Muna
Trog
Uskayaw
Vehumet
Wu Jian
Xom
Yredelemnul
Zin
The Shining One


Innate Abilities, Weirdness & Mutations

You are immune to sickness and miasma.
Your stone body is resilient. (AC +4)
You are immune to poison.
You resist negative energy. (rN+)
You are resistant to electric shocks. (rElec)
You are resistant to unholy torment.
You are immune to petrification.


Message History

The gnoll sergeant is moderately wounded.
You barely miss the gnoll bouda.
Your attacks no longer feel as feeble.
The gnoll sergeant hits you but does no damage.
The gnoll bouda barely misses you.
The gnoll sergeant hits you with a +0 spear!
You closely miss the gnoll sergeant.
The gnoll sergeant is moderately wounded.
You hit the gnoll bouda but do no damage.
The gnoll bouda hits you with a +0 club.
The gnoll sergeant barely misses you.
Unknown command.
You closely miss the gnoll sergeant.
The gnoll sergeant is moderately wounded.
You hit the gnoll bouda but do no damage.
The gnoll bouda hits you but does no damage.
The gnoll sergeant hits you with a +0 spear.
* * * LOW HITPOINT WARNING * * *
The gnoll sergeant blocks your attack.
The gnoll sergeant is moderately wounded.
You hit the gnoll bouda. You freeze the gnoll bouda.
You block the gnoll bouda's attack. The gnoll sergeant closely misses you.
The gnoll bouda hits you with a +0 club.
* * * LOW HITPOINT WARNING * * *
Unknown command.
You slash the gnoll sergeant! You freeze the gnoll sergeant.
The gnoll sergeant is severely wounded.
You hit the gnoll bouda. You freeze the gnoll bouda.
You kill the gnoll bouda!
Okawaru accepts your kill.
The gnoll sergeant hits you but does no damage.
You completely miss the gnoll sergeant.
The gnoll sergeant is severely wounded.
The gnoll sergeant is no longer moving quickly.
The gnoll sergeant closely misses you. You block the gnoll sergeant's attack.
Unknown command.
The gnoll sergeant blocks your attack.
The gnoll sergeant is severely wounded.
The gnoll sergeant hits you with a +0 spear!
You die...

############## .............#
############.# ############.#
.............#####
##.########....))################
#.##..........g@)...............
#.##........##.#...............†
##.##........##.#.#######.#####.#
.............##.#..## #.#####.#
##...........##.#...## #..##≈~.~
#..#.........##.#.#..# ###.≈≈≈≈~
#....#'####...#...##.#####≈≈~≈~≈~
##.###.#####.)..#....##.#≈≈≈~~~..
##.#.)...................≈≈≈≈~...


You could see a gnoll sergeant.

Vanquished Creatures
  Edmund (D:5)
  A water moccasin (D:3)
  An ogre (D:3)
  A jelly (D:5)
  An orc priest (D:4)
  A gnoll bouda (D:4)
  An orc wizard (D:4)
  Crazy Yiuf (D:3)
  Terence (D:3)
  Robin (D:3)
  9 gnolls
  6 adders
  An adder skeleton (D:2)
  A worm (D:2)
  9 dart slugs (D:4)
  9 orcs
  5 ball pythons
  2 bats
  6 endoplasms
  2 giant cockroaches (D:4)
  13 goblins
  6 hobgoblins
  4 quokkas
  A ball python skeleton (D:2)
  12 frilled lizards
  4 kobolds
  5 rats (D:1)
105 creatures vanquished.

Notes
Turn   | Place    | Note
-------+----------+-------------------------------------------
     0 | D:1      | bande the Gargoyle Fighter began the quest for the Orb.
     0 | D:1      | Reached XP level 1. HP: 14/14 MP: 1/1
   134 | D:1      | Reached XP level 2. HP: 18/19 MP: 2/2
   356 | D:1      | Found a faded altar of an unknown god.
   807 | D:2      | Reached XP level 3. HP: 16/23 MP: 3/3
  1033 | D:2      | Identified the +0 leather armour of Negligence {Will+ Str+2
                  | Int+3}
  1316 | D:3      | Found a runed translucent door.
  1317 | D:3      | Noticed Crazy Yiuf
  1353 | D:3      | Noticed Robin
  1355 | D:3      | Noticed a water moccasin
  1357 | D:3      | Reached XP level 4. HP: 29/29 MP: 4/4
  1371 | D:3      | Killed Robin
  1386 | D:3      | Killed a water moccasin
  1387 | D:3      | Reached XP level 5. HP: 8/33 MP: 5/5
  1524 | D:3      | Found a glowing golden altar of the Shining One.
  1691 | D:3      | Noticed Terence
  1700 | D:3      | Killed Terence
  1701 | D:3      | Reached XP level 6. HP: 17/38 MP: 6/6
  2386 | D:3      | Killed Crazy Yiuf
  2908 | D:4      | Found a staircase to the Ecumenical Temple.
  2914 | Temple   | Entered the Ecumenical Temple
  3093 | Temple   | Became a worshipper of Warmaster Okawaru
  3300 | D:4      | Reached XP level 7. HP: 12/44 MP: 7/7
  3693 | D:5      | Entered Level 5 of the Dungeon
  3771 | D:5      | Noticed Edmund
  3785 | D:5      | Killed Edmund
  3786 | D:5      | Reached skill level 5 in Axes
  3786 | D:5      | Reached skill level 1 in Invocations
  3786 | D:5      | Reached skill level 1 in Evocations
  4002 | D:5      | Reached skill level 5 in Armour
  4828 | D:4      | Slain by a gnoll sergeant

Illustrated notes

Levels and vault maps discovered:
D:1:      roderic_crop_circles_arrival_small, layout_loops_ring,
          ebering_ecumenical_altar_hall, hex_tiny, minmay_lizard_king
D:2:      layout_rooms, serial_undead, serial_undead_a, serial_undead_b,
          serial_undead_a, serial_undead_a
D:3:      layout_loops_ring, mainiacjoe_overflow_brackets, uniq_robin,
          uniq_terence, uniq_crazy_yiuf_cottage
D:4:      kennysheep_slugbush, layout_basic, minmay_temple_entry_hall,
          reono_crystal_passage, dk_rats_in_the_wall
D:5:      layout_loops_corners, pf_guarded_unrand_woodcutter, uniq_edmund,
          uniq_menkaure
Temple:   mainiacjoe_temple_starburst

Skill      XL: |  1  2  3  4  5  6  7 |
---------------+----------------------+-----
Axes           | 2 3 4 5 |  5.4
Fighting       | 4 |  4.7
Armour         | 4 5 |  5.1
Shields        | 4 |  4.3
Invocations    | 1 |  1.7
Evocations     | 1 |  1.4
Dodging        | |  0.2

Action                     |  1- 3 |  4- 6 |  7- 9 || total
---------------------------+-------+-------+-------++-------
  Melee: War axe           |    98 |   150 |    84 ||   332
    Use: Scroll            |       |     8 |     3 ||    11
 Armour: Scale mail        |    51 |    84 |    14 ||   149
         Chain mail        |       |       |    50 ||    50
         Skin              |       |       |     2 ||     2
  Dodge: Dodged            |    51 |    73 |    36 ||   160
  Block: Buckler           |    18 |    39 |    22 ||    79

Table legend: (Time is in decaauts)
 A = Elapsed time spent in this place.
 B = Non-inter-level travel time spent in this place.
 C = Inter-level travel time spent in this place.
 D = Time resting spent in this place.
 E = Time spent auto-exploring this place.
 F = Levels seen in this place.
 G = Mean time per level.
                   A        B        C        D        E       F      G
               +--------+--------+--------+--------+--------+-----+--------+
         Total |   4958 |   4822 |    136 |   1435 |   2354 |   6 |  826.3 |
       Dungeon |   4717 |   4641 |     76 |   1435 |   2186 |   5 |  943.4 |
        Temple |    240 |    180 |     60 |      0 |    168 |   1 |  240.0 |
               +--------+--------+--------+--------+--------+-----+--------+

Top non-repeatable levels by time:
     D:4: 1576 daAuts
     D:3: 1285 daAuts
     D:1: 789 daAuts
     D:5: 563 daAuts
     D:2: 502 daAuts
  Temple: 240 daAuts
